 Dungeon Crawl Stone Soup version 0.19.1 (webtiles) character file.

476 Yurafenix the Skirmisher (level 6, -1/58 HPs)
             Began as a Minotaur Fighter on Dec 14, 2016.
             Slain by Pikel
             ... wielding a +2 whip of electrocution
              (2 damage)
             ... on level 4 of the Dungeon on Dec 16, 2016.
             The game lasted 00:21:54 (2400 turns).

Yurafenix the Skirmisher (Minotaur Fighter)         Turns: 2400, Time: 00:21:55

Health: -1/58      AC:  8    Str: 21    XL:     6   Next: 85%
Magic:  5/5        EV:  7    Int:  5    God:
Gold:   215        SH:  9    Dex: 11    Spells: 0 memorised, 5 levels left

rFire  . . .     SeeInvis .     a - +0 war axe
rCold  . . .     Gourm    .     b - +0 scale mail
rNeg   . . .     Faith    .     c - +0 shield
rPois  .         Spirit   .     (helmet restricted)
rElec  .         Reflect  .     (no cloak)
rCorr  .         Harm     .     (no gloves)
MR     .....                    h - +0 pair of boots
Stlth  ..........               (no amulet)
                                (no ring)
                                (no ring)

@: no status effects
A: retaliatory headbutt, horns 2
a: no special abilities


You were on level 4 of the Dungeon.
You were not hungry.

You visited 1 branch of the dungeon, and saw 4 of its levels.

You collected 215 gold pieces.

Inventory:

Hand Weapons
 a - a +0 war axe (weapon)
Armour
 b - a +0 scale mail (worn)
 c - a +0 shield (worn)
 h - a +0 pair of boots (worn)
Jewellery
 g - a +3 amulet of reflection {unknown}
Scrolls
 e - 2 scrolls of fog
 i - 3 scrolls of identify
 k - a scroll of enchant armour {unknown}
 m - a scroll of teleportation
 p - a scroll of random uselessness
Potions
 d - 2 potions of might
 f - a potion of heal wounds {unknown}
 j - 2 potions of haste
Comestibles
 l - 2 meat rations
 n - 3 bread rations
 o - a royal jelly
 s - a slice of pizza
 t - 2 fruits


   Skills:
 + Level 6.4 Fighting
 + Level 5.4 Axes
 + Level 5.8 Armour
 - Level 0.2 Dodging
 - Level 3.8 Shields


You had 5 spell levels left.
You didn't know any spells.

Dungeon Overview and Level Annotations

Branches:
Dungeon (4/15)
 Temple: D:4-7

Altars:

Annotations:
D:3 Natasha
D:4 Pikel


Innate Abilities, Weirdness & Mutations

You reflexively headbutt those who attack you in melee.
You have a pair of horns on your head.


Message History

You hit the slave. x2
You kill the slave!
That felt strangely unrewarding.
The slave hits you but does no damage. Pikel closely misses you.
Your shield prevents you from hitting Pikel.
Pikel is moderately wounded.
You closely miss the slave.
Pikel cracks his whip.
Pikel hits you but does no damage.
You slash Pikel! You headbutt Pikel, but do no damage.
Pikel is severely wounded.
You closely miss the slave. x2; You block the slave's attack.
The slave barely misses you. You furiously retaliate!
You headbutt the slave. Pikel hits you but does no damage.
You are electrocuted!
* * * LOW HITPOINT WARNING * * *
The slave hits you.
* * * LOW HITPOINT WARNING * * *
The slave barely misses you. You furiously retaliate!
You headbutt the slave!
Pikel hits you with a whip of electrocution.
You die...

#####............
#................
#...............
#..............[
#...............
##..............
#..##....h.%..
#...)...pK#
#.>†))..p@#
#.........#
#.........#
#.........#
#.........#
#.........+
#..?[.....#
#.........#
.........#


You could see Pikel, 2 slaves and a howler monkey.

Vanquished Creatures
  Grinder (D:3)
  2 slaves (D:4)
  The ghost of balthal the Caller, a weakling HOSu (D:3)
  2 orc wizards
  Natasha (D:2)
  A worker ant (D:4)
  4 adders (D:2)
  An ooze (D:2)
  2 worms (D:2)
  3 dart slugs
  2 leopard geckos
  7 orcs
  14 bats
  5 giant cockroaches
  13 hobgoblins
  5 kobolds
  3 quokkas
  9 frilled lizards
  8 goblins
  A leopard gecko skeleton (D:4)
  5 rats
90 creatures vanquished.

Vanquished Creatures (others)
  A dart slug (D:1)
1 creature vanquished.

Grand Total: 91 creatures vanquished

Notes
Turn   | Place    | Note
-------+----------+-------------------------------------------
     0 | D:1      | Yurafenix the Minotaur Fighter began the quest for the Orb.
     0 | D:1      | Reached XP level 1. HP: 19/19 MP: 0/0
   117 | D:1      | Reached XP level 2. HP: 25/27 MP: 1/1
   324 | D:1      | Reached skill level 4 in Fighting
   565 | D:2      | Reached XP level 3. HP: 19/33 MP: 2/2
   729 | D:2      | Noticed Natasha
   740 | D:2      | Killed Natasha
   740 | D:2      | Reached XP level 4. HP: 6/41 MP: 3/3
   798 | D:2      | Noticed Natasha
  1253 | D:2      | Reached skill level 5 in Fighting
  1434 | D:3      | Noticed balthal's ghost (weakling HOSu)
  1452 | D:3      | Killed balthal's ghost
  1452 | D:3      | Reached XP level 5. HP: 43/48 MP: 4/4
  1712 | D:3      | Noticed Grinder
  1713 | D:3      | Paralysed by Grinder for 4 turns
  1722 | D:3      | Killed Grinder
  1722 | D:3      | Reached skill level 6 in Fighting
  1722 | D:3      | Reached skill level 5 in Axes
  1722 | D:3      | Reached skill level 5 in Armour
  1722 | D:3      | Reached XP level 6. HP: 31/57 MP: 5/5
  2376 | D:4      | Noticed a slave
  2384 | D:4      | Noticed a slave
  2387 | D:4      | Noticed Pikel
  2390 | D:4      | Noticed a slave
  2393 | D:4      | Noticed a slave
  2395 | D:4      | Killed a slave
  2398 | D:4      | Killed a slave
  2400 | D:4      | HP: 1/58 [slave[Pikel] (3)]
  2400 | D:4      | Slain by Pikel

Skill      XL: |  1  2  3  4  5 |
---------------+----------------+-----
Fighting       | 4 5 6 |  6.4
Armour         | 4 5 |  5.8
Axes           | 3 4 5 |  5.4
Dodging        | |  0.2
Shields        | |  3.8

Action                   |  1- 3 |  4- 6 || total
-------------------------+-------+-------++-------
Melee: War axe           |    94 |   151 ||   245
       Headbutt          |    11 |    27 ||    38
  Use: Scroll            |       |     6 ||     6
       Potion            |       |     6 ||     6
  Eat: Bread ration      |       |     1 ||     1
       Beef jerky        |       |     1 ||     1
Armor: Scale mail        |    61 |    94 ||   155
Dodge: Dodged            |    44 |    49 ||    93
Block: Shield            |    70 |    94 ||   164
